AoeStats
← généralmeu

Arena

504291533Analyzed
4v4 RM · 28d ago on Sep 4, 2026· 60m 37s· 8 players
Game mode
Random Map
Map size
Large (8 player)
Population
200
Speed
Normal
Resources
Standard
Victory
Conquest
Starting age
Dark Age
Ending age
Imperial Age
RankedLock teamsTeams togetherTeam positionsShared explorationLock speedFull tech treeHidden civsTurbo modeCheats
Victory
Defeat
🇫🇷 Franks · France
927
+35
🇹🇷 Romans · Türkiye
887
+15
🇨🇳 Wei · China
886
+15
🇸🇮 Khmer · Slovenia
865
+16
🇫🇷 Bengalis · France
931
-18
🇨🇱 Italians · Chile
927
-19
🇫🇷 Vikings · France
786
-11
🇫🇷 Turks · France
782
-11
Get Rekt
11:26 Feudal Age
17:43 Castle Age
15:31 Double-Bit Axe
15:47 Horse Collar
16:03 Stone Mining
16:38 Gold Mining
21:12 Bow Saw
21:51 Heavy Plow
25:45 Wheelbarrow
29:30 Pikeman
30:58 Scale Mail Armor
32:14 Redemption
37:06 Imperial Age
35:08 Forging
35:28 Man-at-Arms
36:43 Murder Holes
37:09 Ballistics
38:11 Conscription
39:53 Iron Casting
39:33 Chain Mail Armor
38:42 Long Swordsman
39:23 Squires
38:45 Halberdier
41:15 Hand Cart
41:40 Gold Shaft Mining
44:12 Blast Furnace
43:49 Crop Rotation
43:35 Legionary
46:42 Comitatenses
48:21 Chemistry
52:45 Elite Skirmisher
57:14 Scale Barding Armor
57:10 Padded Archer Armor
57:00 Fletching
57:35 Elite Centurion
généralmeu
10:37 Feudal Age
25:37 Castle Age
30:56 Man-at-Arms
;(
0:30 Loom
10:14 Feudal Age
10:41 Double-Bit Axe
10:39 Horse Collar
11:44 Wheelbarrow
17:52 Castle Age
19:07 Bow Saw
19:37 Heavy Plow
20:09 Fletching
21:12 Hand Cart
25:48 Bodkin Arrow
26:54 Ballistics
28:21 Elite Skirmisher
29:06 Thumb Ring
32:03 Tuntian
32:51 Padded Archer Armor
37:38 Imperial Age
36:17 Leather Archer Armor
36:28 Bloodlines
39:26 Conscription
38:48 Capped Ram
40:03 Bracer
41:04 Ming Guang Armor
44:23 Ring Archer Armor
44:56 Chemistry
44:17 Elite Tiger Cavalry
45:04 Crossbowman
46:46 Forging
46:42 Scale Barding Armor
48:18 Iron Casting
47:10 Light Cavalry
48:40 Chain Barding Armor
51:08 Caravan
52:36 Crop Rotation
52:19 Masonry
51:34 Siege Ram
54:53 Blast Furnace
sestan.milanmilan
10:33 Feudal Age
12:53 Wheelbarrow
12:06 Double-Bit Axe
15:00 Gold Mining
15:01 Stone Mining
19:51 Castle Age
23:23 Gold Shaft Mining
23:27 Stone Shaft Mining
23:18 Town Watch
25:00 Hand Cart
33:30 Imperial Age
33:37 Cavalier
[LFE] Predator
12:27 Feudal Age
13:49 Double-Bit Axe
14:45 Horse Collar
17:18 Town Watch
17:19 Loom
20:22 Castle Age
19:05 Gold Mining
21:08 Fletching
20:45 Crossbowman
20:51 Pikeman
22:07 Bow Saw
23:13 Arson
25:26 Murder Holes
25:38 Heavy Plow
32:16 Imperial Age
32:55 Gold Shaft Mining
32:36 Padded Archer Armor
34:33 Two-Man Saw
33:46 Arbalester
35:54 Leather Archer Armor
36:58 Squires
40:35 Ballistics
40:13 Bodkin Arrow
41:24 Bracer
43:18 Conscription
44:28 Crop Rotation
45:27 Hoardings
46:12 Ring Archer Armor
48:03 Forging
50:26 Elite Berserk
51:20 Chieftains
51:24 Bogsveigar
Mortare
10:33 Feudal Age
11:03 Double-Bit Axe
11:43 Horse Collar
12:15 Gold Mining
20:19 Castle Age
18:52 Scale Barding Armor
19:37 Forging
20:56 Pikeman
21:36 Squires
25:34 Bow Saw
28:45 Chain Barding Armor
28:27 Scale Mail Armor
29:44 Heavy Plow
32:16 Bloodlines
32:41 Husbandry
34:23 Stone Mining
35:09 Gold Shaft Mining
38:31 Imperial Age
36:42 Arson
38:47 Halberdier
39:58 Conscription
40:25 Padded Archer Armor
40:15 Fletching
41:52 Ballistics
42:33 Chemistry
41:11 Elite Battle Elephant
44:06 Wheelbarrow
44:21 Iron Casting
44:22 Plate Barding Armor
44:53 Bodkin Arrow
45:34 Hand Cart
55:15 Chain Mail Armor
55:18 Leather Archer Armor
59:20 Blast Furnace
snoow.wolf.96
1:02 Loom
10:21 Feudal Age
10:54 Double-Bit Axe
11:06 Stone Mining
14:15 Horse Collar
20:23 Castle Age
20:47 Gold Mining
21:37 Fletching
21:48 Padded Archer Armor
22:29 Wheelbarrow
22:28 Bow Saw
24:43 Bodkin Arrow
26:38 Ballistics
29:51 Hand Cart
30:44 Fortified Wall
31:27 Leather Archer Armor
32:08 Heavy Plow
32:52 Silk Road
36:05 Imperial Age
36:51 Bracer
37:20 Conscription
38:51 Chemistry
39:43 Ring Archer Armor
39:02 Elite Genoese Crossbowman
52:05 Murder Holes
54:52 Two-Man Saw
55:40 Caravan
Driver0687
14:05 Feudal Age
14:35 Double-Bit Axe
14:33 Horse Collar
14:47 Gold Mining
14:51 Stone Mining
15:40 Wheelbarrow
16:04 Loom
19:56 Bloodlines
22:29 Castle Age
24:02 Gold Shaft Mining
23:41 Bow Saw
23:34 Heavy Plow
23:48 Forging
24:17 Hand Cart
27:15 Scale Barding Armor
27:48 Iron Casting
27:49 Murder Holes
28:06 Masonry
28:28 Husbandry
28:24 Town Watch
29:53 Chain Barding Armor
29:57 Ballistics
30:41 Fortified Wall
33:58 Imperial Age
35:44 Two-Man Saw
35:19 Architecture
35:27 Hoardings
36:07 Blast Furnace
36:39 Conscription
39:12 Plate Barding Armor
38:12 Elite Janissary
Connection lost

Rejoining the realm…

Still unreachable

The connection could not be restored.

Session expired

The server has moved on; the page needs a fresh start.